 Dungeon Crawl Stone Soup version 0.31-a0-145-g046c7d2549 (webtiles) character file.

Game seed: 739882266658952655

39 avis the Chopper (level 3, 0/31 HPs)
             Began as a Hill Orc Fighter on June 6, 2023.
             Slain by Terence
             ... wielding a +0 flail
              (6 damage)
             ... on level 2 of the Dungeon.
             The game lasted 00:03:25 (823 turns).

avis the Chopper (Hill Orc Fighter)                  Turns: 823, Time: 00:03:26

Health: 0/31       AC: 11    Str: 20    XL:     3   Next: 47%
Magic:  3/3        EV:  5    Int:  8    God:
Gold:   63         SH:  4    Dex: 10    Spells: 2/2 levels left

rFire   . . .        a - +0 war axe
rCold   . . .        c - +0 buckler
rNeg    . . .        e - +0 plate armour
rPois   .            (no helmet)
rElec   .            (no cloak)
rCorr   .            (no gloves)
SInv    .            (no boots)
Will    .....        (no amulet) Stlth
                     (no ring)
HPRegen 0.25/turn    (no ring)
MPRegen 0.08/turn

%: no passive effects
@: mighty
A: no striking features
a: no special abilities


You were on level 2 of the Dungeon.
You visited 1 branch of the dungeon, and saw 2 of its levels.

You collected 63 gold pieces.

Inventory:

Hand Weapons
 a - a +0 war axe (weapon)
Missiles
 g - 4 poisoned darts (quivered)
Armour
 b - a +0 scale mail
 c - a +0 buckler (worn)
 e - a +0 plate armour (worn)
 f - a scarf of shadows
 n - a +0 chain mail
Scrolls
 h - 3 scrolls of teleportation {unknown}
 i - a scroll of silence {unknown}
 j - a scroll of butterflies {unknown}
 m - a scroll of fog {unknown}
 o - a scroll of blinking {unknown}
 p - a scroll of identify {unknown}
Potions
 d - a potion of might
 k - a potion of heal wounds {unknown}
 l - a potion of curing


   Skills:
 - Level 3.6 Fighting
 * Level 5.0 Axes
 - Level 3.2 Armour
 - Level 3.2 Shields


You had 2 spell levels left.
You didn't know any spells.
Your spell library contained the following spells:

 Spells                   Type           Power      Damage    Failure   Level
 Ensorcelled Hibernation  Hex/Ice        0%         N/A       100%        2
 Spider Form              Tmut/Pois      0%         N/A       100%        3
 Anguish                  Hex/Necr       0%         N/A       100%        4


Dungeon Overview and Level Annotations

Branches:
Dungeon (2/15)

Altars:

Annotations:
D:2 Terence


Message History

Terence shouts!
The worm bites you.
You hit the worm but do no damage. The worm bites you but does no damage.
You barely miss the worm. The worm bites you!
You slash the worm!
The worm is severely wounded.
You completely miss the worm.
The worm is severely wounded.
You block the worm's attack.
You hit the worm.
The worm is almost dead.
The worm bites you but does no damage.
You slash the worm!
You kill the worm!
You block Terence's attack.
You barely miss Terence.
Terence zaps a wand.
The puff of flame misses you.
You completely miss Terence. Terence hits you with a +0 flail.
Terence zaps a wand.
The puff of flame hits you but does no damage.
You barely miss Terence.
Terence zaps a wand.
The puff of flame hits you!
* * * LOW HITPOINT WARNING * * *
You slash Terence!
Terence is moderately wounded.
Terence zaps a wand.
The puff of flame hits you!
* * * LOW HITPOINT WARNING * * *
Throw: 5 darts (poison)
Press: ? - help, Q - select action Shift-Dir - straight line, f - Terence
Aim: Terence, wielding a +0 flail, wearing a +0 scale mail of fire resistance and carrying a wand of flame (2) (moderately wounded, 60% to hit)
You throw a poisoned dart.
The poisoned dart completely misses Terence.
Terence closely misses you.
Okay, then.
It was a potion of curing.
You feel better. Terence hits you with a +0 flail.
* * * LOW HITPOINT WARNING * * *
You feel very mighty all of a sudden. Terence barely misses you.
You slash Terence!
Terence is severely wounded.
Terence hits you with a +0 flail.
You die...

.....# #........ #..#
.....# #..>....# #..#####
.....#####.......# #......#
.................###......#
.....##..!..).†...........#
.....##......†....##......#
######........).#.#.......#
...............#....######
####.#.........@..†........
# #........@#..#........
###.#...........##........
#.............#...........
....#.....(..<#####.......
###########...# ##.#.##
#.#.# ...# .....# ..
......#


You could see Terence.

Vanquished Creatures
  2 worms (D:2)
  2 dart slugs
  4 endoplasms (D:1)
  A giant cockroach (D:2)
  5 goblins
  3 hobgoblins
  A kobold (D:1)
  2 ball pythons
  4 bats
  A frilled lizard (D:1)
  2 rats
27 creatures vanquished.

Notes
Turn   | Place    | Note
-------+----------+-------------------------------------------
     0 | D:1      | avis the Hill Orc Fighter began the quest for the Orb.
     0 | D:1      | Reached XP level 1. HP: 19/19 MP: 1/1
    22 | D:1      | Reached skill level 3 in Axes
    93 | D:1      | Reached XP level 2. HP: 26/26 MP: 2/2
   224 | D:1      | Reached skill level 4 in Axes
   684 | D:2      | Reached XP level 3. HP: 31/31 MP: 3/3
   732 | D:2      | Noticed Terence
   780 | D:2      | Reached skill level 5 in Axes
   819 | D:2      | HP: 1/31 [Terence/puff of flame (7)]
   823 | D:2      | Slain by Terence

Illustrated notes

Levels and vault maps discovered:
D:1:      eino_arrival_cavern_c, layout_basic
D:2:      layout_rooms, uniq_terence

Skill      XL: |  1  2  3 |
---------------+----------+-----
Axes           | 3 4 5 |  5.0
Fighting       | |  3.6
Armour         | |  3.2
Shields        | |  3.2

Action                     || total
---------------------------++-------
  Melee: War axe           ||    67
  Throw: Dart              ||     1
    Use: Potion            ||     2
 Armour: Plate armour      ||    43
         Scale mail        ||     3
  Dodge: Dodged            ||    12
  Block: Buckler           ||    19

Table legend: (Time is in decaauts)
 A = Elapsed time spent in this place.
 B = Non-inter-level travel time spent in this place.
 C = Inter-level travel time spent in this place.
 D = Time resting spent in this place.
 E = Time spent auto-exploring this place.
 F = Levels seen in this place.
 G = Mean time per level.
                   A        B        C        D        E       F      G
               +--------+--------+--------+--------+--------+-----+--------+
         Total |    844 |    699 |    145 |      0 |    396 |   2 |  422.0 |
       Dungeon |    844 |    699 |    145 |      0 |    396 |   2 |  422.0 |
               +--------+--------+--------+--------+--------+-----+--------+

Top non-repeatable levels by time:
     D:1: 721 daAuts
     D:2: 123 daAuts
